 Dungeon Crawl Stone Soup version 0.31-a0-210-gccc998df9b (webtiles) character file.

Game seed: 5384938805932238384

71069 qw the Severer (level 15, -6/96 HPs)
             Began as a Gargoyle Fighter on June 30, 2023.
             Was a High Priest of Okawaru.
             Mangled by a thrashing horror (12 damage)
             ... while paralysed by accursed screaming
             ... on level 2 of the Abyss.
             The game lasted 00:10:04 (18962 turns).

qw the Severer (Gargoyle Fighter)                  Turns: 18962, Time: 00:10:05

Health: -6/96      AC: 39    Str: 30    XL:     15   Next: 35%
Magic:  21/22      EV:  2    Int:  9    God:    Okawaru [*****.]
Gold:   1162       SH:  0    Dex:  5    Spells: 14/14 levels left

rFire   + . .        Y - +1 broad axe (venom)
rCold   + . .        y - +0 kite shield
rNeg    + . .        v - +0 chain mail of Gozag's Esteem {Rampage rF+ Regen+ Str+3}
rPois   inf          (no helmet)
rElec   +            u - +0 cloak
rCorr   .            i - +1 pair of gloves of Wadec {Will+}
SInv    .            r - +1 pair of boots {rampage}
Will    ++...        (no amulet) Stlth
                     t - +5 ring of evasion
HPRegen 1.16/turn    q - +4 ring of protection
MPRegen 0.18/turn

%: rampage
@: paralysed, heroic, flying
A: sickness immunity, AC +11, big wings, negative energy resistance 1,
electricity resistance, torment resistance 1, petrification resistance,
iridescent scales 2, cold resistance 1, clumsy 1[+1]
a: Renounce Religion, Heroism, Finesse, Duel


You were on level 2 of the Abyss.
You worshipped Okawaru.
Okawaru was extremely pleased with you.
You visited 3 branches of the dungeon, and saw 20 of its levels.
You visited the Abyss 1 time.
You also visited: Gauntlet.

You collected 1162 gold pieces.


Innate Abilities, Weirdness & Mutations

You are immune to sickness and miasma.
Your stone body is resilient. (AC +11)
You are immune to poison.
Your large and strong wings let you fly.
You resist negative energy. (rN+)
You are resistant to electric shocks. (rElec)
You are resistant to unholy torment.
You are immune to petrification.
You are mostly covered in iridescent scales. (AC +4)
Your flesh is cold resistant. (rC+)
[You are very clumsy. (Dex -4)]


   Skills:
 - Level 12.0(17.0) Fighting
 - Level 16.0(21.0) Axes
 - Level 6.0(11.0) Throwing
 + Level 9.8(14.8) Armour
 - Level 2.1(7.1) Dodging
 - Level 12.4(17.4) Shields
 - Level 10.0 Invocations


You had 14 spell levels left.
You didn't know any spells.
Your spell library was empty.

Inventory:

Hand Weapons
 x - a +0 war axe of flaming
 Y - a +1 broad axe of venom (weapon)
Missiles
 w - 2 javelins (quivered)
Armour
 i - the +1 pair of gloves of Wadec (worn) {Will+}
   (You found it on level 9 of the Dungeon)

   Will:      It increases your willpower.
 r - a +1 pair of boots of rampaging (worn)
 s - a +2 chain mail of cold resistance
 u - a +0 cloak (worn)
 v - the +0 chain mail of Gozag's Esteem (worn) {Rampage rF+ Regen+ Str+3}
   (You found it in a Gauntlet)

   Str:       It affects your strength (+3).
   rF:        It protects you from fire.
   Regen:     It increases your rate of health regeneration.
   Rampage:   It bestows one free step when moving towards enemies.
 y - a +0 kite shield (worn)
Jewellery
 k - a ring of resist corrosion
 p - a ring of protection from fire
 q - a +4 ring of protection (right hand)
 t - a +5 ring of evasion (left hand)
 z - a ring of protection from cold
 D - a ring of protection from cold
Wands
 A - a wand of digging (7)
Scrolls
 a - 6 scrolls of identify
 C - a scroll of teleportation
Potions
 b - 5 potions of lignification
 c - a potion of resistance
 d - 2 potions of might
 e - 4 potions of cancellation
 f - 2 potions of magic
 h - a potion of mutation
 j - 2 potions of curing
 l - 3 potions of enlightenment
 m - a potion of haste
 n - a potion of attraction

Dungeon Overview and Level Annotations

Branches:
Dungeon (14/15)            Temple (1/1) D:6            Lair (5/5) D:8
  Swamp (0/4) Lair:2       Spider (0/4) Lair:2        Slime (0/5) Lair:5
    Orc (0/2) D:12        Gauntlet (visited)
 Vaults: D:13-14

Altars:
Ashenzari
Cheibriados
Dithmenos
Elyvilon
Fedhas
Gozag
Hepliaklqana
Kikubaaqudgha
Makhleb
Nemelex Xobeh
Okawaru
Qazlal
Ru
Sif Muna
Trog
Uskayaw
Vehumet
Wu Jian
Xom
Yredelemnul
Zin
The Shining One
Jiyva
Lugonu

Portals:
Abyss: Lair:5

Annotations:
D:3 1 runed translucent door, Crazy Yiuf
D:10 2 runed translucent doors
D:11 2 transporters, qw's ghost, journeyman DEHu
Lair:5 1 runed translucent door


Message History

You block the thrashing horror's attack.
The thrashing horror misses you.
A starcursed mass splits.
You slice the large abomination!!
You destroy the large abomination!
Okawaru accepts your kill.
You slice the thrashing horror!!
The thrashing horror completely misses you.
You block the thrashing horror's attack.
The thrashing horror tramples you but does no damage. x2
A starcursed mass splits.
You slash the thrashing horror!
The thrashing horror is moderately damaged.
The thrashing horror tramples you but does no damage. x4
A cacophony of accursed wailing tears at your sanity!
The thrashing horror tramples you but does no damage.
The thrashing horror barely misses you.
A starcursed mass splits.
You slice the thrashing horror!!
The thrashing horror is almost destroyed.
You barely miss the thrashing horror.
The thrashing horror churns violently!
The thrashing horror seems to grow stronger.
The thrashing horror tramples you but does no damage.
You block the thrashing horror's attack.
A starcursed mass splits. x3
You hit the thrashing horror.
The thrashing horror is almost destroyed.
You slash the thrashing horror! You slash the starcursed mass!
The starcursed mass shudders and is absorbed by its neighbour.
The thrashing horror tramples you!
You hold your ground!
The thrashing horror tramples you but does no damage.
You block the thrashing horror's attack.
The thrashing horror tramples you but does no damage. x2
You block the thrashing horror's attack.
A cacophony of accursed wailing tears at your sanity!
You suddenly lose the ability to move!
The thrashing horror tramples you.
You hold your ground!
The thrashing horror tramples you but does no damage.
A cacophony of accursed wailing tears at your sanity!
A starcursed mass splits.
The thrashing horror tramples you!
You die... .#. ...
X. ... # # # X. .... # .. # X#XX.

. #.# # #.#
###.#X. #
..# .
..#.#.X#X#
.. . .
#..X.XX## #.
##. ##.@X..#
## ~# ##
##...####..#
#. ~
~....... .#
~ #
..#.###.## .
# ~.. ## #.#
.## # . ##
#### .#.
...# ... # .
. # #. .. #
.# # ### ##


You could see 10 starcursed masses and 2 thrashing horrors.

Vanquished Creatures
  Kirke (D:14)
  3 tentacled starspawn (Abyss:2)
  Azrael (D:13)
  A minotaur (Gauntlet)
  An entropy weaver (Gauntlet)
  4 hydras
  2 centaur warriors
  4 boulder beetles
  2 two-headed ogres
  3 thrashing horrors (Lair:5)
  A wretched star (Abyss:2)
  2 skysharks
  4 skeletal warriors (D:14)
  A bog body (Lair:2)
  A deep elf archer (D:14)
  3 deep elf pyromancers
  A deep elf zephyrmancer (D:14)
  12 ugly things
  3 cyclopes
  2 moths of wrath (Gauntlet)
  3 large abominations
  A moth of wrath (shapeshifter) (D:13)
  A worldbinder (Abyss:2)
  Maurice (D:13)
  3 black mambas
  A black mamba (shapeshifter) (D:13)
  2 torpor snails
  An orange demon (Abyss:2)
  4 unseen horrors
  2 gargoyles
  2 rime drakes (Lair:4)
  12 cane toads
  An unseen horror (shapeshifter) (Lair:5)
  2 yaktaurs (D:14)
  7 komodo dragons
  4 centaur skeletons (D:14)
  2 ancient zymes
  A tengu conjurer (D:11)
  A troll (shapeshifter) (Lair:5)
  4 trolls
  A polar bear (Lair:5)
  A red devil (Abyss:2)
  2 hornets
  A blink frog (shapeshifter) (Lair:5)
  3 raiju (Abyss:2)
  26 blink frogs
  A jumping spider (Gauntlet)
  12 slime creatures
  A ynoxinul (Abyss:2)
  3 shadows
  37 yaks
  2 spriggans (Lair:5)
  4 wraiths
  A fire bat (shapeshifter) (Abyss:2)
  2 wyverns
  4 fire elementals (D:13)
  A human (D:14)
  6 basilisks
  2 hogs (D:14)
  3 chaos spawn
  A neqoxec (Abyss:2)
  2 redbacks
  2 swamp worms (Lair:2)
  2 hell hounds (D:13)
  8 water moccasins
  Duvessa (D:7)
  4 orc warriors
  A sky beast (shapeshifter) (Lair:5)
  4 black bears
  2 ice beasts
  2 sky beasts (D:7)
  4 boggarts (D:11)
  5 ogres
  12 wolves
  5 centaurs
  A phantom (D:4)
  2 kobold brigands (D:12)
  14 bullfrogs
  4 gnoll sergeants
  4 scorpions
  8 wights (D:8)
  Dowan (D:7)
  11 small abominations (Lair:5)
  16 killer bees
  3 howler monkeys
  An electric eel (Lair:2)
  A quasit (Abyss:2)
  A gnoll bouda (D:7)
  7 hounds
  3 jellies (D:6)
  9 orc priests
  Ijyb (D:3)
  4 iguanas
  8 orc wizards
  A mummy (D:5)
  12 gnolls
  9 adders
  A shadow imp (D:7)
  A white imp (Abyss:2)
  An ufetubus (D:5)
  5 worms
  2 dart slugs
  39 orcs
  9 endoplasms
  3 giant cockroaches (D:2)
  7 goblins
  8 hobgoblins
  2 jackals (D:2)
  6 kobolds
  2 quokkas
  6 ball pythons
  3 bats
  A frilled lizard (D:1)
  A rat (D:1)
  2 starspawn tentacles (Abyss:2)
495 creatures vanquished.

Vanquished Creatures (others)
  7 starspawn tentacles (Abyss:2)
7 creatures vanquished.

Grand Total: 502 creatures vanquished

Notes
Turn   | Place    | Note
-------+----------+-------------------------------------------
     0 | D:1      | qw the Gargoyle Fighter began the quest for the Orb.
     0 | D:1      | Reached XP level 1. HP: 14/14 MP: 1/1
     0 | D:1      | 0 ||| qw: Version: 0.3-a-26-gee661ec
     0 | D:1      | 0 ||| qw: Game counter: 7189
     0 | D:1      | 0 ||| qw: Melee chars always use a shield: true
     0 | D:1      | 0 ||| qw: God list: Okawaru
     0 | D:1      | 0 ||| qw: Allow faded altars: false
     0 | D:1      | 0 ||| qw: Do Orc after clearing Dungeon:15 true
     0 | D:1      | 0 ||| qw: Do second Lair branch before Depths: true
     0 | D:1      | 0 ||| qw: Lair rune preference: random
     0 | D:1      | 0 ||| qw: Goals: Normal, Zot:1-4, Slime:5, God:TSO, Crypt,
                  | Tomb, Abyss, Pan, Hells, Win
     0 | D:1      | 0 ||| PLANNING D:1-11
    32 | D:1      | 32 ||| Stepping ~*~*~tactically~*~*~ (stealth).
    40 | D:1      | Reached skill level 2 in Axes
    94 | D:1      | 94 ||| FLEEEEING.
   125 | D:1      | Reached XP level 2. HP: 19/19 MP: 2/2
   291 | D:1      | 291 ||| Stepping ~*~*~tactically~*~*~ (stealth).
   292 | D:1      | 292 ||| Stepping ~*~*~tactically~*~*~ (stealth).
   460 | D:1      | 460 ||| UPGRADING to +0 pair of gloves.
   465 | D:1      | 465 ||| READING 2 scrolls labelled NOTOYF FUVVA.
   466 | D:1      | 466 ||| READING scroll labelled HANWEQYDWE.
   467 | D:1      | 467 ||| READING 2 scrolls labelled SOISAS JAESE.
   472 | D:1      | 472 ||| DRINKING 3 emerald potions.
   537 | D:2      | Reached skill level 3 in Axes
   559 | D:2      | Reached XP level 3. HP: 23/23 MP: 3/3
   654 | D:2      | 654 ||| Stepping ~*~*~tactically~*~*~ (stealth).
   785 | D:2      | 785 ||| Stepping ~*~*~tactically~*~*~ (hiding).
  1162 | D:2      | 1162 ||| Stepping ~*~*~tactically~*~*~ (hiding).
  1163 | D:2      | 1163 ||| Stepping ~*~*~tactically~*~*~ (hiding).
  1165 | D:2      | 1165 ||| Stepping ~*~*~tactically~*~*~ (hiding).
  1171 | D:2      | Reached XP level 4. HP: 28/28 MP: 4/4
  1367 | D:2      | 1367 ||| UPGRADING to ring of resist corrosion.
  1368 | D:2      | 1368 ||| READING scroll labelled TUNOUF SEEXKUO.
  1369 | D:2      | 1369 ||| READING scroll labelled ZYVARH OL DYTIGG.
  1470 | D:2      | 1470 ||| READING scroll labelled GUACSO ORRO.
  1471 | D:2      | 1471 ||| DRINKING 2 smoky amethyst potions.
  1471 | D:2      | Gained mutation: [You are clumsy. (Dex -2)] [potion of
                  | mutation]
  1471 | D:2      | Gained mutation: You have an increased reservoir of magic.
                  | (+10% MP) [potion of mutation]
  1471 | D:2      | Gained mutation: You have a pair of small horns on your
                  | head. [potion of mutation]
  1471 | D:2      | Gained mutation: You have a pair of horns on your head.
                  | [potion of mutation]
  1472 | D:2      | 1472 ||| READING 2 scrolls of identify.
  1472 | D:2      | 1472 ||| IDENTIFYING amethyst potion
  1491 | D:3      | 1491 ||| STAIRDANCE
  1508 | D:3      | Reached skill level 4 in Axes
  1656 | D:3      | 1656 ||| DROPPING +0 club.
  1742 | D:3      | 1742 ||| Stepping ~*~*~tactically~*~*~ (hiding).
  1754 | D:3      | Reached XP level 5. HP: 15/32 MP: 5/5
  1762 | D:3      | 1762 ||| FLEEEEING.
  1763 | D:3      | 1763 ||| FLEEEEING.
  1764 | D:3      | 1764 ||| FLEEEEING.
  1765 | D:3      | 1765 ||| FLEEEEING.
  1766 | D:3      | 1766 ||| STAIRDANCE
  1818 | D:2      | 1818 ||| UPGRADING to +0 pair of boots.
  1996 | D:3      | Noticed Ijyb
  2002 | D:3      | 2002 ||| READING 2 scrolls of teleportation.
  2021 | D:3      | 2021 ||| FLEEEEING.
  2022 | D:3      | 2022 ||| FLEEEEING.
  2023 | D:3      | 2023 ||| FLEEEEING.
  2024 | D:3      | 2024 ||| FLEEEEING.
  2025 | D:3      | 2025 ||| FLEEEEING.
  2026 | D:3      | 2026 ||| FLEEEEING.
  2028 | D:3      | 2028 ||| FLEEEEING.
  2029 | D:3      | 2029 ||| FLEEEEING.
  2030 | D:3      | 2030 ||| FLEEEEING.
  2031 | D:3      | 2031 ||| FLEEEEING.
  2032 | D:3      | 2032 ||| FLEEEEING.
  2033 | D:3      | 2033 ||| FLEEEEING.
  2034 | D:3      | 2034 ||| FLEEEEING.
  2035 | D:3      | 2035 ||| FLEEEEING.
  2056 | D:3      | 2056 ||| READING scroll of teleportation.
  2061 | D:3      | Killed Ijyb
  2155 | D:3      | 2155 ||| DROPPING +0 whip.
  2161 | D:3      | Found a runed translucent door.
  2162 | D:3      | Noticed Crazy Yiuf
  2184 | D:3      | Reached skill level 5 in Axes
  2515 | D:3      | 2515 ||| UPGRADING to +0 plate armour.
  2525 | D:3      | 2525 ||| DROPPING +0 scale mail.
  2526 | D:3      | 2526 ||| READING scroll labelled TEAFECL QEOGUQ.
  2527 | D:3      | 2527 ||| READING scroll labelled ZACRUWK VUPH.
  2528 | D:3      | 2528 ||| READING 2 scrolls of identify.
  2528 | D:3      | 2528 ||| IDENTIFYING black potion
  2529 | D:3      | 2529 ||| DROPPING potion of berserk rage.
  2592 | D:4      | Noticed a phantom
  2597 | D:4      | 2597 ||| DRINKING 2 potions of curing.
  2597 | D:4      | 2597 ||| (to cure confusion)
  2607 | D:4      | Reached XP level 6. HP: 23/38 MP: 6/6
  2738 | D:4      | 2738 ||| DROPPING +0 hammer.
  2819 | D:4      | Reached skill level 6 in Axes
  2839 | D:4      | Reached XP level 7. HP: 29/43 MP: 7/7
  3430 | D:4      | 3430 ||| DROPPING +6 ring of intelligence.
  3431 | D:4      | 3431 ||| UPGRADING to ring of protection from cold.
  3432 | D:4      | 3432 ||| READING scroll labelled IHAEWKOMEU.
  3433 | D:4      | 3433 ||| DRINKING 2 pink potions.
  3473 | D:5      | Entered Level 5 of the Dungeon
  3474 | D:5      | 3474 ||| PLANNING OSSUARY
  3729 | D:5      | 3729 ||| Stepping ~*~*~tactically~*~*~ (hiding).
  3733 | D:5      | 3733 ||| DRINKING potion of curing.
  3733 | D:5      | 3733 ||| (to cure confusion)
  3743 | D:5      | Reached skill level 7 in Axes
  4093 | D:5      | 4093 ||| RIP OSSUARY
  4094 | D:5      | 4094 ||| PLANNING D:1-11
  4106 | D:5      | Reached skill level 1 in Throwing
  4115 | D:5      | Reached XP level 8. HP: 45/49 MP: 8/8
  4468 | D:6      | 4468 ||| Stepping ~*~*~tactically~*~*~ (hiding).
  4470 | D:6      | 4470 ||| Stepping ~*~*~tactically~*~*~ (hiding).
  4471 | D:6      | 4471 ||| Stepping ~*~*~tactically~*~*~ (hiding).
  4472 | D:6      | 4472 ||| Stepping ~*~*~tactically~*~*~ (hiding).
  4490 | D:6      | HP: 10/49 [orc priest/+0 trident (7)]
  4491 | D:6      | 4491 ||| DRINKING 2 potions of heal wounds.
  4672 | D:6      | Reached skill level 8 in Axes
  4718 | D:6      | 4718 ||| Stepping ~*~*~tactically~*~*~ (stealth).
  4725 | D:6      | 4725 ||| Stepping ~*~*~tactically~*~*~ (stealth).
  4793 | D:6      | Found a staircase to the Ecumenical Temple.
  4795 | D:6      | 4795 ||| PLANNING TEMPLE
  4812 | Temple   | Entered the Ecumenical Temple
  4818 | Temple   | 4818 ||| PLANNING OKAWARU WORSHIP
  5035 | Temple   | Became a worshipper of Warmaster Okawaru
  5036 | Temple   | 5036 ||| PLANNING D:1-11
  5394 | D:6      | HP: 9/50 [ogre/+0 giant spiked club (13)]
  5395 | D:6      | 5395 ||| DRINKING potion of heal wounds.
  5397 | D:6      | Reached skill level 6 in Fighting
  5614 | D:6      | 5614 ||| READING scroll labelled RUFREZ GOPRYV.
  5615 | D:6      | 5615 ||| DRINKING 3 puce potions.
  5792 | D:7      | 5792 ||| Stepping ~*~*~tactically~*~*~ (hiding).
  5814 | D:7      | Reached XP level 9. HP: 41/55 MP: 9/9
  5817 | D:7      | Reached * piety under Okawaru
  5818 | D:7      | Reached skill level 1 in Dodging
  5818 | D:7      | 5818 ||| INVOKING Heroism.
  5819 | D:7      | 5819 ||| INVOKING Heroism.
  5880 | D:7      | 5880 ||| Stepping ~*~*~tactically~*~*~ (hiding).
  5885 | D:7      | 5885 ||| Stepping ~*~*~tactically~*~*~ (hiding).
  5886 | D:7      | 5886 ||| Stepping ~*~*~tactically~*~*~ (hiding).
  5925 | D:7      | 5925 ||| Stepping ~*~*~tactically~*~*~ (stealth).
  5939 | D:7      | 5939 ||| INVOKING Heroism.
  5940 | D:7      | 5940 ||| INVOKING Heroism.
  5943 | D:7      | HP: 13/55 [killer bee (7)]
  5947 | D:7      | Reached skill level 9 in Axes
  5949 | D:7      | HP: 1/55 [killer bee (7)]
  5952 | D:7      | 5952 ||| INVOKING Heroism.
  6175 | D:7      | 6175 ||| Stepping ~*~*~tactically~*~*~ (stealth).
  6392 | D:7      | 6392 ||| Stepping ~*~*~tactically~*~*~ (hiding).
  6396 | D:7      | 6396 ||| Stepping ~*~*~tactically~*~*~ (stealth).
  6401 | D:7      | 6401 ||| Stepping ~*~*~tactically~*~*~ (hiding).
  6814 | D:7      | Reached skill level 6 in Armour
  6850 | D:7      | Noticed Duvessa
  6851 | D:7      | 6851 ||| INVOKING Heroism.
  6852 | D:7      | Noticed Dowan
  6861 | D:7      | Killed Duvessa
  6865 | D:7      | Killed Dowan
  6994 | D:7      | Reached skill level 1 in Invocations
  7052 | D:7      | 7052 ||| Stepping ~*~*~tactically~*~*~ (stealth).
  7072 | D:7      | 7072 ||| INVOKING Heroism.
  7138 | D:7      | 7138 ||| UPGRADING to +0 cloak.
  7143 | D:7      | 7143 ||| UPGRADING to +5 ring of evasion.
  7145 | D:7      | 7145 ||| READING scroll labelled DIUR IRPHURR.
  7175 | D:8      | 7175 ||| Stepping ~*~*~tactically~*~*~ (stealth).
  7185 | D:8      | Reached skill level 3 in Invocations
  7252 | D:8      | 7252 ||| DROPPING +0 flail.
  7290 | D:8      | 7290 ||| Stepping ~*~*~tactically~*~*~ (hiding).
  7305 | D:8      | 7305 ||| INVOKING Heroism.
  7309 | D:8      | Reached XP level 10. HP: 41/63 MP: 10/14
  7419 | D:8      | 7419 ||| Stepping ~*~*~tactically~*~*~ (stealth).
  7440 | D:8      | 7440 ||| INVOKING Heroism.
  7578 | D:8      | Found a blossoming altar of Fedhas.
  7842 | D:8      | Found a staircase to the Lair.
  7858 | D:8      | 7858 ||| INVOKING Heroism.
  7867 | D:8      | Reached skill level 10 in Axes
  8092 | D:8      | 8092 ||| PLANNING LAIR
  8092 | D:8      | 8092 ||| DROPPING ring of magical power.
  8098 | Lair:1   | Entered Level 1 of the Lair of Beasts
  8098 | Lair:1   | Noticed a torpor snail
  8099 | Lair:1   | 8099 ||| INVOKING Heroism.
  8109 | Lair:1   | 8109 ||| STAIRDANCE
  8111 | D:8      | 8111 ||| INVOKING Heroism.
  8112 | D:8      | HP: 8/63 [komodo dragon (14)]
  8116 | D:8      | Killed a torpor snail
  8116 | D:8      | Reached ** piety under Okawaru
  8116 | D:8      | HP: 2/63 [komodo dragon (5)]
  8345 | Lair:1   | Noticed a boulder beetle
  8346 | Lair:1   | 8346 ||| INVOKING Heroism.
  8373 | Lair:1   | HP: 16/64 [boulder beetle (4)]
  8382 | Lair:1   | 8382 ||| INVOKING Heroism.
  8390 | Lair:1   | Killed a boulder beetle
  8391 | Lair:1   | Reached skill level 6 in Shields
  8617 | Lair:1   | Noticed a cane toad
  8618 | Lair:1   | 8618 ||| INVOKING Heroism.
  8645 | Lair:1   | Reached *** piety under Okawaru
  8654 | Lair:1   | 8654 ||| INVOKING Heroism.
  8660 | Lair:1   | Killed a cane toad
  8661 | Lair:1   | Reached skill level 11 in Axes
  8661 | Lair:1   | Reached XP level 11. HP: 64/68 MP: 12/15
  8706 | Lair:1   | 8706 ||| INVOKING Heroism.
  8777 | Lair:1   | Found a hide-covered altar of Uskayaw.
  8777 | Lair:1   | Noticed a boulder beetle
  8778 | Lair:1   | 8778 ||| INVOKING Heroism.
  8783 | Lair:1   | 8783 ||| Stepping ~*~*~tactically~*~*~ (stealth).
  8783 | Lair:1   | Found an ornate altar of the Wu Jian Council.
  8805 | Lair:1   | 8805 ||| INVOKING Heroism.
  8819 | Lair:1   | Killed a boulder beetle
  8820 | Lair:1   | Reached skill level 9 in Fighting
  9210 | Lair:1   | 9210 ||| DROPPING +2 chain mail of poison resistance.
  9211 | Lair:1   | 9211 ||| UPGRADING to +0 kite shield.
  9221 | Lair:1   | 9221 ||| DROPPING +0 buckler.
  9222 | Lair:1   | 9222 ||| READING scroll labelled RUIGIFR IROKARACA.
  9223 | Lair:1   | 9223 ||| READING 2 scrolls of identify.
  9223 | Lair:1   | 9223 ||| IDENTIFYING green potion
  9262 | Lair:2   | Found a hole to the Spider Nest.
  9278 | Lair:2   | 9278 ||| Stepping ~*~*~tactically~*~*~ (stealth).
  9280 | Lair:2   | 9280 ||| INVOKING Heroism.
  9298 | Lair:2   | 9298 ||| Stepping ~*~*~tactically~*~*~ (stealth).
  9302 | Lair:2   | 9302 ||| INVOKING Heroism.
  9312 | Lair:2   | 9312 ||| Stepping ~*~*~tactically~*~*~ (stealth).
  9320 | Lair:2   | 9320 ||| Stepping ~*~*~tactically~*~*~ (stealth).
  9321 | Lair:2   | 9321 ||| Stepping ~*~*~tactically~*~*~ (stealth).
  9362 | Lair:2   | 9362 ||| FLEEEEING.
  9363 | Lair:2   | 9363 ||| FLEEEEING.
  9364 | Lair:2   | 9364 ||| FLEEEEING.
  9365 | Lair:2   | 9365 ||| FLEEEEING.
  9366 | Lair:2   | 9366 ||| FLEEEEING.
  9367 | Lair:2   | 9367 ||| FLEEEEING.
  9368 | Lair:2   | 9368 ||| FLEEEEING.
  9369 | Lair:2   | 9369 ||| FLEEEEING.
  9370 | Lair:2   | 9370 ||| FLEEEEING.
  9371 | Lair:2   | 9371 ||| FLEEEEING.
  9374 | Lair:2   | 9374 ||| FLEEEEING.
  9375 | Lair:2   | 9375 ||| STAIRDANCE
  9400 | Lair:1   | 9400 ||| READING scroll labelled NIARO AFIOS.
  9401 | Lair:1   | 9401 ||| DROPPING +5 flail of freezing.
  9457 | Lair:2   | Noticed a seven-headed hydra
  9459 | Lair:2   | 9459 ||| INVOKING Heroism.
  9465 | Lair:2   | Killed a three-headed hydra
  9465 | Lair:2   | Reached **** piety under Okawaru
  9528 | Lair:2   | 9528 ||| READING scroll of enchant armour.
  9528 | Lair:2   | 9528 ||| ENCHANTING +0 pair of gloves.
  9559 | Lair:2   | Noticed a five-headed hydra
  9560 | Lair:2   | 9560 ||| INVOKING Heroism.
  9567 | Lair:2   | Killed a three-headed hydra
  9594 | Lair:2   | Noticed an eight-headed hydra
  9595 | Lair:2   | 9595 ||| Stepping ~*~*~tactically~*~*~ (stealth).
  9597 | Lair:2   | 9597 ||| INVOKING Heroism.
  9605 | Lair:2   | Killed a three-headed hydra
  9605 | Lair:2   | Received a gift from Okawaru
  9739 | Lair:2   | 9739 ||| Stepping ~*~*~tactically~*~*~ (hiding).
  9741 | Lair:2   | 9741 ||| Stepping ~*~*~tactically~*~*~ (hiding).
  9748 | Lair:2   | Reached skill level 9 in Shields
  9787 | Lair:2   | 9787 ||| INVOKING Heroism.
  9797 | Lair:2   | Reached skill level 3 in Throwing
  9797 | Lair:2   | Reached skill level 6 in Invocations
  9836 | Lair:2   | 9836 ||| INVOKING Heroism.
  9846 | Lair:2   | Reached XP level 12. HP: 61/76 MP: 16/18
  9906 | Lair:2   | 9906 ||| Stepping ~*~*~tactically~*~*~ (stealth).
 10063 | Lair:2   | 10063 ||| Stepping ~*~*~tactically~*~*~ (hiding).
 10069 | Lair:2   | 10069 ||| INVOKING Heroism.
 10132 | Lair:2   | 10132 ||| INVOKING Heroism.
 10176 | Lair:2   | Found a staircase to the Swamp.
 10178 | Lair:2   | 10178 ||| INVOKING Heroism.
 10313 | Lair:3   | 10313 ||| PLANNING GAUNTLET
 10385 | Lair:3   | 10385 ||| Stepping ~*~*~tactically~*~*~ (stealth).
 10403 | Lair:3   | 10403 ||| Stepping ~*~*~tactically~*~*~ (stealth).
 10417 | Lair:3   | Found a gate leading to a gauntlet.
 10418 | Lair:3   | 10418 ||| DRINKING 2 fuming ruby potions.
 10419 | Lair:3   | 10419 ||| DROPPING potion of invisibility.
 10427 | Gauntlet | Entered a Gauntlet
 10427 | Gauntlet | Found a transporter.
 10427 | Gauntlet | Found a transporter.
 10428 | Gauntlet | Found a transporter.
 10429 | Gauntlet | Found a transporter.
 10429 | Gauntlet | Found a transporter.
 10432 | Gauntlet | Found a transporter.
 10437 | Gauntlet | Noticed a catoblepas
 10439 | Gauntlet | Found a transporter.
 10440 | Gauntlet | Found a transporter.
 10442 | Gauntlet | Found a transporter.
 10443 | Gauntlet | Found a transporter.
 10454 | Gauntlet | Found a transporter.
 10455 | Gauntlet | Found a transporter.
 10470 | Gauntlet | Noticed an entropy weaver
 10739 | Gauntlet | Identified the +8 arbalest "Kuulenuss" {antimagic, rC-
                  | Int+5 Dex+3}
 10746 | Gauntlet | 10746 ||| Stepping ~*~*~tactically~*~*~ (stealth).
 10753 | Gauntlet | 10753 ||| INVOKING Heroism.
 10820 | Gauntlet | 10820 ||| DROPPING +1 pair of gloves of stealth.
 10830 | Gauntlet | 10830 ||| INVOKING Heroism.
 10849 | Gauntlet | Killed an entropy weaver
 11031 | Gauntlet | Identified the +0 chain mail of Gozag's Esteem {Rampage rF+
                  | Regen+ Str+3}
 11036 | Gauntlet | 11036 ||| DROPPING +1 pair of gloves of infusion.
 11037 | Gauntlet | 11037 ||| UPGRADING to +0 chain mail of Gozag's Esteem
                  | {Rampage rF+ Regen+ Str+3}.
 11047 | Gauntlet | 11047 ||| DROPPING +0 plate armour.
 11048 | Gauntlet | 11048 ||| DRINKING 2 viscous sapphire potions.
 11067 | Gauntlet | Noticed a minotaur
 11068 | Gauntlet | 11068 ||| INVOKING Heroism.
 11083 | Gauntlet | Killed a minotaur
 11103 | Gauntlet | 11103 ||| SWAPPING to +0 broad axe of venom.
 11116 | Gauntlet | 11116 ||| DROPPING +0 chain mail of poison resistance.
 11117 | Gauntlet | 11117 ||| READING scroll labelled YGU VUTEKAY.
 11131 | Lair:3   | 11131 ||| PLANNING LAIR
 11154 | Lair:3   | 11154 ||| INVOKING Heroism.
 11466 | Lair:3   | Noticed a skyshark
 11478 | Lair:3   | Killed a skyshark
 11479 | Lair:3   | Reached skill level 12 in Axes
 11479 | Lair:3   | Reached skill level 9 in Invocations
 11749 | Lair:4   | Received a gift from Okawaru
 11813 | Lair:4   | Noticed a five-headed hydra
 11814 | Lair:4   | 11814 ||| INVOKING Heroism.
 11816 | Lair:4   | 11816 ||| Stepping ~*~*~tactically~*~*~ (stealth).
 11818 | Lair:4   | 11818 ||| SWAPPING to +0 war axe of flaming.
 11824 | Lair:4   | Killed a two-headed hydra
 11825 | Lair:4   | 11825 ||| SWAPPING to +0 broad axe of venom.
 11904 | Lair:4   | Reached ***** piety under Okawaru
 11948 | Lair:4   | 11948 ||| Stepping ~*~*~tactically~*~*~ (hiding).
 11949 | Lair:4   | 11949 ||| Stepping ~*~*~tactically~*~*~ (stealth).
 11951 | Lair:4   | 11951 ||| Stepping ~*~*~tactically~*~*~ (hiding).
 11995 | Lair:4   | 11995 ||| Stepping ~*~*~tactically~*~*~ (stealth).
 12006 | Lair:4   | Reached XP level 13. HP: 81/81 MP: 22/22
 12321 | Lair:4   | 12321 ||| INVOKING Heroism.
 12322 | Lair:4   | 12322 ||| Stepping ~*~*~tactically~*~*~ (stealth).
 12323 | Lair:4   | 12323 ||| Stepping ~*~*~tactically~*~*~ (stealth).
 12553 | Lair:4   | 12553 ||| UPGRADING to +1 pair of boots of rampaging.
 12563 | Lair:4   | 12563 ||| DROPPING +0 pair of boots.
 12564 | Lair:4   | 12564 ||| DROPPING ring of ice.
 12565 | Lair:4   | 12565 ||| READING 2 scrolls of identify.
 12565 | Lair:4   | 12565 ||| IDENTIFYING murky amethyst potion
 12579 | Lair:5   | Entered Level 5 of the Lair of Beasts
 12720 | Lair:5   | 12720 ||| INVOKING Heroism.
 12756 | Lair:5   | Received a gift from Okawaru
 12772 | Lair:5   | 12772 ||| Stepping ~*~*~tactically~*~*~ (stealth).
 12773 | Lair:5   | 12773 ||| Stepping ~*~*~tactically~*~*~ (stealth).
 12799 | Lair:5   | 12799 ||| INVOKING Heroism.
 12909 | Lair:5   | 12909 ||| INVOKING Heroism.
 12915 | Lair:5   | Reached skill level 13 in Axes
 12931 | Lair:5   | Found a runed translucent door.
 12931 | Lair:5   | Found a viscous altar of Jiyva.
 12932 | Lair:5   | Found a staircase to the Slime Pits.
 12959 | Lair:5   | 12959 ||| INVOKING Heroism.
 13031 | Lair:5   | 13031 ||| INVOKING Heroism.
 13056 | Lair:5   | 13056 ||| Stepping ~*~*~tactically~*~*~ (stealth).
 13097 | Lair:5   | 13097 ||| Stepping ~*~*~tactically~*~*~ (stealth).
 13098 | Lair:5   | 13098 ||| Stepping ~*~*~tactically~*~*~ (stealth).
 13099 | Lair:5   | 13099 ||| Stepping ~*~*~tactically~*~*~ (stealth).
 13101 | Lair:5   | 13101 ||| INVOKING Heroism.
 13128 | Lair:5   | 13128 ||| Stepping ~*~*~tactically~*~*~ (stealth).
 13212 | Lair:5   | 13212 ||| READING 3 scrolls of identify.
 13212 | Lair:5   | 13212 ||| IDENTIFYING murky orange potion
 13238 | Lair:5   | 13238 ||| Stepping ~*~*~tactically~*~*~ (stealth).
 13240 | Lair:5   | 13240 ||| Stepping ~*~*~tactically~*~*~ (stealth).
 13241 | Lair:5   | 13241 ||| INVOKING Heroism.
 13286 | Lair:5   | 13286 ||| INVOKING Heroism.
 13290 | Lair:5   | Identified the +1 chain mail of Okawaru's Displeasure
                  | {Harm} (Okawaru gifted it to you on level 5 of the Lair of
                  | Beasts)
 13290 | Lair:5   | Received a gift from Okawaru
 13294 | Lair:5   | Reached skill level 14 in Axes
 13356 | Lair:5   | Found a corrupted altar of Lugonu.
 13356 | Lair:5   | Found a one-way gate to the infinite horrors of the Abyss.
 13403 | Lair:5   | 13403 ||| Stepping ~*~*~tactically~*~*~ (stealth).
 13552 | Lair:5   | 13552 ||| INVOKING Heroism.
 13877 | Lair:5   | 13877 ||| PLANNING D:1-11
 13877 | Lair:5   | 13877 ||| DROPPING +1 chain mail of Okawaru's Displeasure
                  | {Harm}.
 13878 | Lair:5   | 13878 ||| READING scroll labelled PAROUM ROZE.
 13879 | Lair:5   | 13879 ||| READING 2 scrolls of identify.
 13879 | Lair:5   | 13879 ||| IDENTIFYING dark potion
 13880 | Lair:5   | 13880 ||| DROPPING potion of degeneration.
 13881 | Lair:5   | 13881 ||| DROPPING potion of ambrosia.
 14128 | D:9      | Found a glowing silver altar of Zin.
 14128 | D:9      | Found a radiant altar of Vehumet.
 14137 | D:9      | Found a broken altar of Ashenzari.
 14139 | D:9      | Found a faded altar of an unknown god.
 14141 | D:9      | Found an ancient bone altar of Kikubaaqudgha.
 14287 | D:9      | Gained mutation: Your large and strong wings let you fly.
                  | [Gargoyle growth]
 14287 | D:9      | Reached XP level 14. HP: 90/90 MP: 23/23
 14478 | D:9      | 14478 ||| Stepping ~*~*~tactically~*~*~ (stealth).
 14479 | D:9      | 14479 ||| Stepping ~*~*~tactically~*~*~ (stealth).
 14655 | D:9      | Identified the +1 pair of gloves of Wadec {Will+}
 14787 | D:9      | 14787 ||| UPGRADING to +1 pair of gloves of Wadec {Will+}.
 14797 | D:9      | 14797 ||| DROPPING +1 pair of gloves.
 14798 | D:9      | 14798 ||| READING 3 scrolls of identify.
 14798 | D:9      | 14798 ||| IDENTIFYING ruby potion
 14818 | D:10     | Entered Level 10 of the Dungeon
 14830 | D:10     | 14830 ||| Stepping ~*~*~tactically~*~*~ (stealth).
 15045 | D:10     | Found a runed translucent door.
 15045 | D:10     | Found a runed translucent door.
 15045 | D:10     | Found the +2 shield of Resistance {rF++ rC++ Will++}
 15048 | D:10     | 15048 ||| Stepping ~*~*~tactically~*~*~ (hiding).
 15050 | D:10     | 15050 ||| Stepping ~*~*~tactically~*~*~ (hiding).
 15051 | D:10     | 15051 ||| Stepping ~*~*~tactically~*~*~ (hiding).
 15594 | D:10     | 15594 ||| DROPPING ring of positive energy.
 15662 | D:11     | 15662 ||| Stepping ~*~*~tactically~*~*~ (hiding).
 15663 | D:11     | 15663 ||| Stepping ~*~*~tactically~*~*~ (hiding).
 15664 | D:11     | Noticed qw's ghost (journeyman DEHu)
 15664 | D:11     | Found a transporter.
 15665 | D:11     | Found a transporter.
 15697 | D:11     | 15697 ||| Stepping ~*~*~tactically~*~*~ (hiding).
 15704 | D:11     | 15704 ||| Stepping ~*~*~tactically~*~*~ (hiding).
 15910 | D:11     | Found a stormy altar of Qazlal.
 15993 | D:11     | Reached skill level 9 in Armour
 16285 | D:11     | 16285 ||| PLANNING D
 16285 | D:11     | 16285 ||| DROPPING +6 ring of dexterity.
 16286 | D:11     | 16286 ||| UPGRADING to +4 ring of protection.
 16288 | D:11     | 16288 ||| READING scroll labelled MYTEHA YSUPI.
 16311 | D:11     | 16311 ||| Stepping ~*~*~tactically~*~*~ (stealth).
 16313 | D:11     | 16313 ||| INVOKING Heroism.
 16314 | D:11     | 16314 ||| INVOKING Finesse.
 16469 | D:12     | Found a staircase to the Orcish Mines.
 16478 | D:12     | Reached skill level 12 in Shields
 16489 | D:12     | 16489 ||| INVOKING Heroism.
 16575 | D:12     | 16575 ||| INVOKING Heroism.
 16643 | D:12     | 16643 ||| INVOKING Heroism.
 16755 | D:12     | 16755 ||| Stepping ~*~*~tactically~*~*~ (hiding).
 16757 | D:12     | 16757 ||| Stepping ~*~*~tactically~*~*~ (hiding).
 16885 | D:12     | Reached skill level 6 in Throwing
 16997 | D:12     | 16997 ||| INVOKING Heroism.
 16998 | D:12     | 16998 ||| READING 4 scrolls of teleportation.
 17091 | D:12     | 17091 ||| READING 5 scrolls of identify.
 17091 | D:12     | 17091 ||| IDENTIFYING viscous green potion
 17170 | D:13     | Noticed Maurice
 17184 | D:13     | Killed Maurice
 17251 | D:13     | 17251 ||| Stepping ~*~*~tactically~*~*~ (hiding).
 17266 | D:13     | 17266 ||| INVOKING Heroism.
 17365 | D:13     | 17365 ||| Stepping ~*~*~tactically~*~*~ (hiding).
 17369 | D:13     | Noticed Azrael
 17370 | D:13     | 17370 ||| INVOKING Heroism.
 17383 | D:13     | HP: 18/90 [Azrael/+1 scimitar of flaming (14)]
 17384 | D:13     | 17384 ||| READING 3 scrolls of teleportation.
 17385 | D:13     | 17385 ||| DRINKING 2 potions of heal wounds.
 17607 | D:13     | 17607 ||| INVOKING Heroism.
 17619 | D:13     | Killed Azrael
 17720 | D:13     | Reached skill level 15 in Axes
 18217 | D:14     | Noticed Kirke
 18218 | D:14     | 18218 ||| INVOKING Heroism.
 18220 | D:14     | Received a gift from Okawaru
 18235 | D:14     | Killed Kirke
 18263 | D:14     | 18263 ||| Stepping ~*~*~tactically~*~*~ (hiding).
 18265 | D:14     | 18265 ||| INVOKING Heroism.
 18290 | D:14     | Received a gift from Okawaru
 18331 | D:14     | 18331 ||| Stepping ~*~*~tactically~*~*~ (stealth).
 18338 | D:14     | 18338 ||| INVOKING Heroism.
 18345 | D:14     | Reached skill level 12 in Fighting
 18387 | D:14     | 18387 ||| INVOKING Heroism.
 18403 | D:14     | Received a gift from Okawaru
 18404 | D:14     | Reached XP level 15. HP: 61/96 MP: 24/24
 18416 | D:14     | HP: 17/96 [yaktaur/bolt (21)]
 18417 | D:14     | 18417 ||| READING 2 scrolls of teleportation.
 18418 | D:14     | 18418 ||| DRINKING potion of heal wounds.
 18431 | Abyss:2  | Cast into level 2 of the Abyss (a wizard)
 18466 | Abyss:2  | 18466 ||| INVOKING Heroism.
 18491 | Abyss:2  | Found a corrupted altar of Lugonu.
 18583 | Abyss:2  | Noticed a tentacled starspawn
 18592 | Abyss:2  | Killed a tentacled starspawn
 18593 | Abyss:2  | Reached skill level 16 in Axes
 18665 | Abyss:2  | Noticed a tentacled starspawn
 18667 | Abyss:2  | 18667 ||| Stepping ~*~*~tactically~*~*~ (hiding).
 18671 | Abyss:2  | 18671 ||| INVOKING Heroism.
 18675 | Abyss:2  | Killed a tentacled starspawn
 18766 | Abyss:2  | Noticed a tentacled starspawn
 18767 | Abyss:2  | 18767 ||| Stepping ~*~*~tactically~*~*~ (stealth).
 18769 | Abyss:2  | 18769 ||| Stepping ~*~*~tactically~*~*~ (stealth).
 18777 | Abyss:2  | Killed a tentacled starspawn
 18813 | Abyss:2  | 18813 ||| Stepping ~*~*~tactically~*~*~ (stealth).
 18815 | Abyss:2  | 18815 ||| Stepping ~*~*~tactically~*~*~ (stealth).
 18853 | Abyss:2  | 18853 ||| Stepping ~*~*~tactically~*~*~ (hiding).
 18859 | Abyss:2  | Gained mutation: You are frail. (-10% HP) [a neqoxec]
 18861 | Abyss:2  | 18861 ||| DRINKING 4 potions of mutation.
 18861 | Abyss:2  | Lost mutation: [You are clumsy. (Dex -2)] [potion of
                  | mutation]
 18861 | Abyss:2  | Lost mutation: You have a pair of horns on your head.
                  | [potion of mutation]
 18861 | Abyss:2  | Lost mutation: You have an increased reservoir of magic.
                  | (+10% MP) [potion of mutation]
 18861 | Abyss:2  | Gained mutation: You are partially covered in iridescent
                  | scales. (AC +2) [potion of mutation]
 18861 | Abyss:2  | Gained mutation: Your muscles are strong. (Str +4, Int/Dex
                  | -1) [potion of mutation]
 18861 | Abyss:2  | Gained mutation: You have an increased reservoir of magic.
                  | (+10% MP) [potion of mutation]
 18862 | Abyss:2  | 18862 ||| DRINKING 3 potions of mutation.
 18862 | Abyss:2  | Lost mutation: You have an increased reservoir of magic.
                  | (+10% MP) [potion of mutation]
 18862 | Abyss:2  | Lost mutation: You are partially covered in iridescent
                  | scales. (AC +2) [potion of mutation]
 18862 | Abyss:2  | Gained mutation: Armour fits poorly on your strangely
                  | shaped body. [potion of mutation]
 18862 | Abyss:2  | Gained mutation: [You are clumsy. (Dex -2)] [potion of
                  | mutation]
 18862 | Abyss:2  | Gained mutation: You are partially covered in iridescent
                  | scales. (AC +2) [potion of mutation]
 18863 | Abyss:2  | 18863 ||| DRINKING 2 potions of mutation.
 18863 | Abyss:2  | Lost mutation: You have a pair of small horns on your head.
                  | [potion of mutation]
 18863 | Abyss:2  | Lost mutation: Armour fits poorly on your strangely shaped
                  | body. [potion of mutation]
 18863 | Abyss:2  | Lost mutation: You are frail. (-10% HP) [potion of
                  | mutation]
 18863 | Abyss:2  | Lost mutation: Your muscles are strong. (Str +4, Int/Dex
                  | -1) [potion of mutation]
 18863 | Abyss:2  | Gained mutation: Your flesh is cold resistant. (rC+)
                  | [potion of mutation]
 18863 | Abyss:2  | Gained mutation: You are mostly covered in iridescent
                  | scales. (AC +4) [potion of mutation]
 18869 | Abyss:2  | 18869 ||| Stepping ~*~*~tactically~*~*~ (stealth).
 18870 | Abyss:2  | 18870 ||| Stepping ~*~*~tactically~*~*~ (stealth).
 18956 | Abyss:2  | 18956 ||| INVOKING Heroism.
 18961 | Abyss:2  | HP: 23/96 [starcursed mass/accursed screaming (15)]
 18961 | Abyss:2  | Paralysed by accursed screaming for 2 turns
 18962 | Abyss:2  | HP: 6/96 [starcursed mass/accursed screaming (14)]
 18962 | Abyss:2  | Mangled by a thrashing horror

Levels and vault maps discovered:
D:1:      dpeg_arrival_round_a, layout_rooms, roderic_filled_cross
D:2:      layout_basic
D:3:      layout_basic, uniq_ijyb, uniq_crazy_yiuf_cottage
D:4:      layout_gridville
D:5:      layout_gridville, gup_ossuary_entry_pyramid, solitary_fountain,
          hangedman_minor_gate_pass
D:6:      layout_basic, minmay_temple_entry_sparse_star, minmay_checkerbox
D:7:      layout_loops_corners, kennysheep_generic_room_10, uniq_duvessa
D:8:      layout_rooms, fedhas_ov_isle_minmay, david_lair_shrubbed
D:9:      layout_basic, chequers_temple_overflow_minitemple
D:10:     layout_irregular_city, minmay_guarded_unrand_resistance
D:11:     layout_long_grid, gammafunk_ghost_hive, grunt_qazlal_clouds
D:12:     nicolae_cairo_tiling, layout_rooms,
          kennysheep_orc_monster_closet_entryway
D:13:     layout_basic, hangedman_glass_teeth, uniq_azrael, uniq_maurice
D:14:     layout_stronghold, hangedman_vaults_entry_quadrant_bands,
          chequers_serial_rivers_room_b, nrook_guardian_serpent_double,
          uniq_kirke
Temple:   nicolae_temple_bog_church
Lair:1:   layout_loops_ring, nzn_masters_of_martial_movement
Lair:2:   layout_misc_corridors, nicolae_swamp_entry_splash_gauntlet,
          spider_nest_entry_webs
Lair:3:   layout_loops_ring, gauntlet_entry_generic
Lair:4:   layout_roguey
Lair:5:   hellmonk_lair_end_abyssal_woods, layout_regular_city, slime_entry_2
Abyss:2:  base: D:7, minivault_26

Skill      XL: |  1  2  3  4  5  6  7  8  9 10 11 12 13 14 15 |
---------------+----------------------------------------------+-----
Axes           | 2 3 4 5 6 7 8 9 11 12 14 15 16 | 16.0
Fighting       | 4 5 6 7 8 9 11 12 | 12.0
Armour         | 4 5 6 7 8 9 |  9.8
Throwing       | 1 2 3 4 6 |  6.0
Dodging        | 1 2 |  2.1
Shields        | 4 6 9 10 11 12 | 12.4
Invocations    | 3 4 6 10 | 10.0

Action                     |  1- 3 |  4- 6 |  7- 9 | 10-12 | 13-15 || total
---------------------------+-------+-------+-------+-------+-------++-------
  Melee: War axe           |    85 |    96 |   389 |   380 |       ||   950
         Headbutt          |       |     9 |    48 |    93 |   158 ||   308
         Unarmed           |       |     8 |       |       |       ||     8
         Broad axe         |       |       |       |    93 |   699 ||   792
  Throw: Boomerang         |       |    21 |    79 |    61 |     1 ||   162
         Javelin           |       |       |    17 |    44 |   146 ||   207
 Invoke: Heroism           |       |       |     6 |    26 |    25 ||    57
         Finesse           |       |       |       |       |     1 ||     1
    Use: Scroll            |     3 |     9 |     3 |     5 |    10 ||    30
         Potion            |     1 |     2 |     5 |     2 |     5 ||    15
 Armour: Scale mail        |    39 |    22 |       |       |       ||    61
         Plate armour      |       |    27 |   233 |   190 |       ||   450
         Skin              |       |    16 |       |       |       ||    16
         Chain mail        |       |       |       |    49 |   327 ||   376
  Dodge: Dodged            |    25 |    41 |   135 |   208 |   324 ||   733
  Block: Buckler           |    14 |    19 |    76 |    34 |       ||   143
         Kite shield       |       |       |       |   149 |   347 ||   496

Table legend:
 A = Non-vault XP
 B = Vault XP
 C = Vault XP percentage of total XP
 D = Non-vault monster count
 E = Vault monster count
 F = Vault count percentage of total count
                 A         B        C        D         E       F
            +---------+---------+-------+---------+---------+-------
      Total |   70027 |   31501 |  31.0 |     370 |     122 |  24.8
            +---------+---------+-------+---------+---------+-------
        D:1 |      24 |       0 |   0.0 |      15 |       0 |   0.0
        D:2 |      66 |       0 |   0.0 |      23 |       0 |   0.0
        D:3 |     115 |      38 |  24.8 |      18 |       1 |   5.3
        D:4 |     480 |       0 |   0.0 |      21 |       0 |   0.0
        D:5 |     235 |     377 |  61.6 |      12 |       8 |  40.0
        D:6 |     579 |     240 |  29.3 |      14 |       4 |  22.2
        D:7 |    1503 |     438 |  22.6 |      36 |       4 |  10.0
        D:8 |    1926 |     372 |  16.2 |      17 |       1 |   5.6
        D:9 |    2176 |       0 |   0.0 |      12 |       0 |   0.0
       D:10 |    2907 |       0 |   0.0 |      21 |       0 |   0.0
       D:11 |    4077 |       0 |   0.0 |      18 |       0 |   0.0
       D:12 |    7062 |    1414 |  16.7 |      18 |      20 |  52.6
       D:13 |    4171 |    2598 |  38.4 |      12 |       8 |  40.0
       D:14 |    6578 |    8333 |  55.9 |      11 |      16 |  59.3
     Lair:1 |    5103 |     814 |  13.8 |      20 |       1 |   4.8
     Lair:2 |    6445 |    1258 |  16.3 |      18 |       5 |  21.7
     Lair:3 |    2847 |       0 |   0.0 |      11 |       0 |   0.0
     Lair:4 |    7305 |       0 |   0.0 |      31 |       0 |   0.0
     Lair:5 |    6881 |   11390 |  62.3 |      23 |      40 |  63.5
    Abyss:2 |    9547 |       0 |   0.0 |      19 |       0 |   0.0
   Gauntlet |       0 |    4229 | 100.0 |       0 |      14 | 100.0
            +---------+---------+-------+---------+---------+-------
